 Dungeon Crawl Stone Soup version 0.26-a0-21-gf97e55dc39 (webtiles) character file.

Game seed: 1289917465858605083, levelgen mode: classic

443584 EnegeticOcto the Necromancer (level 23, -4/181 HPs)
             Began as a Mummy Abyssal Knight on May 25, 2020.
             Was the Champion of Lugonu.
             Killed by the air
             ... invoked by a spriggan air mage
              (10 damage)
             ... on level 3 of the Depths on May 26, 2020.
             The game lasted 02:48:47 (82893 turns).

EnegeticOcto the Necromancer (MuAK)                Turns: 82893, Time: 02:48:48

Health: -4/181     AC: 34    Str: 32    XL:     23   Next: 6%
Magic:  0/33       EV: 11    Int: 20    God:    Lugonu [******]
Gold:   2879       SH: 17    Dex: 14    Spells: 8/36 levels left

rFire    + . .     SeeInvis +   a - +7 demon trident (pain)
rCold    + + +     Gourm    .   f - +2 kite shield
rNeg     + + +     Faith    .   b - +6 plate armour of the Vacuum {*Contam rElec rC+}
rPois    ∞         Spirit   +   v - +2 helmet
rElec    +         Reflect  .   V - +2 cloak {Stlth+}
rCorr    +         Harm     .   G - +0 pair of gloves of the Burnt Jabberwock {rCorr Str+3 Int+3}
MR       +....                  A - +2 pair of boots
Stlth    ..........             X - amulet of the Magpie {Spirit rC+ Str+4 Int-2 Dex+2}
HPRegen  0.40/turn              R - ring of Poov {rF+ Str+3 SInv Stlth+, =R}
MPRegen  0.23/turn              I - ring of the Devouring Pariah {rF+ Int+5}

@: about to teleport, vulnerable, very slightly contaminated, studying
Summonings
A: no food or potions, fire vulnerability, cold resistance 1, negative energy
resistance 3, torment resistance, unbreathing, in touch with death 1
}: 2/15 runes: decaying, serpentine
a: Depart the Abyss, Bend Space, Banish, Corrupt, Enter the Abyss, Renounce
Religion


You were on level 3 of the Depths.
You worshipped Lugonu.
Lugonu was exalted by your worship.
You were not hungry.

You visited 9 branches of the dungeon, and saw 44 of its levels.
You visited the Abyss 3 times.
You also visited: Ice Cave.

You collected 5542 gold pieces.
You spent 2663 gold pieces at shops.

Inventory:

Hand Weapons
 a - a +7 demon trident of pain (weapon)
Missiles
 o - 11 curare-tipped darts (quivered)
 E - 6 throwing nets {!f}
Armour
 b - the +6 plate armour of the Vacuum (worn) {*Contam rElec rC+}
   (You bought it in a shop on level 1 of the Vaults)

   It protects you from cold.
   It insulates you from electricity.
   It causes magical contamination when unequipped.
 f - a +2 kite shield (worn)
 v - a +2 helmet (worn)
 A - a +2 pair of boots (worn)
 G - the +0 pair of gloves of the Burnt Jabberwock (worn) {rCorr Str+3 Int+3}
   (You found it in an ice cave)

   It affects your strength (+3).
   It affects your intelligence (+3).
   It provides partial protection from all sources of acid and corrosion.
 V - a +2 cloak of stealth (worn)
Magical Staves
 B - an uncursed staff of death
Jewellery
 d - the ring of Awe {Wiz MR+ Str-4 Dex+4}
   (You found it on level 2 of the Crypt)

   [ring of wizardry]

   It improves your spell success rate.
   It affects your strength (-4).
   It affects your dexterity (+4).
   It affects your resistance to hostile enchantments.
 m - an uncursed ring of flight
 u - the macabre finger necklace {rN+}
   (You took it off a deep elf elementalist on level 3 of the Elven Halls)

   [amulet of nothing]

   It protects you from negative energy.
 I - the ring of the Devouring Pariah (right hand) {rF+ Int+5}
   (You bought it in a shop on level 2 of the Orcish Mines)

   [ring of protection from fire]

   It affects your intelligence (+5).
   It protects you from fire.
 R - the ring of Poov (left hand) {rF+ Str+3 SInv Stlth+, =R}
   (You found it on level 5 of the Lair of Beasts)

   [ring of stealth]

   It affects your strength (+3).
   It protects you from fire.
   It lets you see invisible.
   It makes you more stealthy.
 U - the ring of Ohotov {+Inv rPois rN+ AC+4}
   (You found it in an ice cave)

   [ring of protection]

   It affects your AC (+4).
   It protects you from poison.
   It protects you from negative energy.
   It lets you turn invisible.
 X - the amulet of the Magpie (around neck) {Spirit rC+ Str+4 Int-2 Dex+2}
   (You acquired it on level 1 of the Snake Pit)

   [amulet of guardian spirit]

   It causes incoming damage to be split between your health and magic.
   It affects your strength (+4).
   It affects your intelligence (-2).
   It affects your dexterity (+2).
   It protects you from cold.
Wands
 e - a wand of disintegration (26)
 i - a wand of digging (20) {@v3}
 j - a wand of flame (155) {@v4}
 k - a wand of random effects (79)
 r - a wand of iceblast (16) {@v2}
 y - a wand of polymorph (29)
 J - a wand of enslavement (1)
 K - a wand of paralysis (24)
 Y - a wand of acid (16) {@v1}
Scrolls
 c - 3 scrolls of fear {!r}
 h - 7 scrolls of identify {@r1}
 l - 8 scrolls of magic mapping {@r5 !r}
 p - a scroll of holy word
 s - 3 scrolls of noise
 t - 3 scrolls of immolation
 x - a scroll of silence
 z - 2 scrolls of teleportation {@r3 !r}
 C - 17 scrolls of remove curse {@r2}
 M - 2 scrolls of fog {!r}
Books
 Q - a manual of Summonings
Miscellaneous
 w - a phial of floods
 D - a tin of tremorstones (inert)


   Skills:
 - Level 15.0 Fighting
 - Level 14.0 Polearms
   Level 4.2 Slings
 - Level 13.0 Armour
 + Level 4.8 Dodging
 - Level 0.3 Stealth
 - Level 15.0 Shields
 - Level 7.2 Spellcasting
 - Level 10.0 Charms
 + Level 17.1 Necromancy
 - Level 10.0 Earth Magic
 + Level 11.7 Invocations
 - Level 4.0 Evocations


You had 8 spell levels left.
You knew the following spells:

 Your Spells              Type           Power        Failure   Level  Hunger
a - Agony                 Necr           #######.     1%          5    N/A
b - Excruciating Wounds   Chrm/Necr      #######...   5%          5    N/A
c - Dispel Undead         Necr           #######.     1%          4    N/A
e - Animate Dead          Necr           N/A          1%          4    N/A
f - Apportation           Tloc           #.....       45%         1    N/A
p - Passwall              Tmut/Erth      ####....     10%         2    N/A
M - Borgnjor's Vile Clut  Necr/Erth      #######...   5%          5    N/A
V - Swiftness             Chrm/Air       ####....     10%         2    N/A

Your spell library contained the following spells:

 Spells                   Type           Power        Failure   Level  Hunger
 Animate Skeleton         Necr           N/A          1%          1    N/A
 Pain                     Necr           ####         1%          1    N/A
 Corpse Rot               Necr/Air       N/A          2%          2    N/A
 Death Channel            Necr           #######...   7%          6    N/A
 Ozocubu's Armour         Chrm/Ice       ####....     19%         3    N/A
 Lee's Rapid Deconstruct  Erth           #####.....   22%         5    N/A
 Corona                   Hex            #......      45%         1    N/A
 Foxfire                  Conj/Fire      #...         45%         1    N/A
 Freeze                   Ice            #...         45%         1    N/A
 Magic Dart               Conj           #...         45%         1    N/A
 Sting                    Tmut/Pois      #...         45%         1    N/A
 Summon Small Mammal      Summ           #...         45%         1    N/A
 Leda's Liquefaction      Hex/Erth       ####......   54%         4    N/A
 Petrify                  Tmut/Erth      ####....     54%         4    N/A
 Call Imp                 Summ           #.......     58%         2    N/A
 Ensorcelled Hibernation  Hex/Ice        #.....       58%         2    N/A
 Searing Ray              Conj           #.....       58%         2    N/A
 Slow                     Hex            #.......     58%         2    N/A
 Call Canine Familiar     Summ           #.......     83%         3    N/A
 Confusing Touch          Hex            #.......     83%         3    N/A
 Conjure Flame            Conj/Fire      #.......     83%         3    N/A
 Dazzling Flash           Conj/Hex       #.....       83%         3    N/A
 Frozen Ramparts          Ice            #.....       83%         3    N/A
 Gell's Gravitas          Tloc           #.........   83%         3    N/A
 Inner Flame              Hex/Fire       #.......     83%         3    N/A
 Mephitic Cloud           Conj/Pois/Air  #.......     83%         3    N/A
 Portal Projectile        Hex/Tloc       #.....       83%         3    N/A
 Recall                   Summ/Tloc      N/A          83%         3    N/A
 Summon Guardian Golem    Hex/Summ       #.......     83%         3    N/A
 Tukima's Dance           Hex            #.......     83%         3    N/A
 Simulacrum               Ice/Necr       ######....   92%         6    N/A
 Cause Fear               Hex            #.........   99%         4    N/A
 Fulminant Prism          Conj/Hex       #.........   99%         4    N/A
 Hailstorm                Conj/Ice       #.......     99%         4    N/A
 Iskenderun's Mystic Bla  Conj/Tloc      #.......     99%         4    N/A
 Passage of Golubria      Tloc           N/A          99%         4    N/A
 Sticky Flame             Conj/Fire      #.......     99%         4    N/A
 Summon Ice Beast         Ice/Summ       #.......     99%         4    N/A
 Summon Lightning Spire   Summ/Air       #.......     99%         4    N/A
 Fireball                 Conj/Fire      #.........   100%        5    N/A
 Irradiate                Conj/Tmut      #.........   100%        5    N/A
 Metabolic Englaciation   Hex/Ice        #.........   100%        5    N/A
 Yara's Violent Unravell  Hex/Tmut       #.........   100%        5    N/A
 Darkness                 Hex            #.........   100%        6    N/A
 Dispersal                Tloc           #.........   100%        6    N/A
 Eringya's Noxious Bog    Tmut/Pois      #.........   100%        6    N/A
 Invisibility             Hex            #.......     100%        6    N/A
 Malign Gateway           Summ/Tloc      #.........   100%        7    N/A
 Monstrous Menagerie      Summ           #.........   100%        7    N/A
 Summon Greater Demon     Summ           #.........   100%        7    N/A
 Controlled Blink         Tloc           N/A          100%        8    N/A
 Disjunction              Tloc           #.........   100%        8    N/A
 Summon Horrible Things   Summ           #.........   100%        8    N/A
 Dragon's Call            Summ           #.........   100%        9    N/A
 Sublimation of Blood     Necr           Unusable     N/A         2    N/A
 Spider Form              Tmut/Pois      Unusable     N/A         3    N/A
 Hydra Form               Tmut           Unusable     N/A         6    N/A
 Statue Form              Tmut/Erth      Unusable     N/A         6    N/A
 Dragon Form              Tmut           Unusable     N/A         7    N/A
 Death's Door             Chrm/Necr      Unusable     N/A         8    N/A

Dungeon Overview and Level Annotations

Branches:
Dungeon (15/15)            Temple (0/1) D:7            Lair (6/6) D:8
  Swamp (4/4) Lair:2        Snake (4/4) Lair:2        Slime (0/5) Lair:5
    Orc (2/2) D:12            Elf (3/3) Orc:2        Vaults (4/5) D:14
  Crypt (3/3) Vaults:2       Tomb (0/3) Crypt:3      Depths (3/5) D:15
  IceCv (visited)

Altars:
Ashenzari
Cheibriados
Dithmenos
Elyvilon
Fedhas
Makhleb
Nemelex Xobeh
Qazlal
Sif Muna
Trog
Uskayaw
Wu Jian
Xom
Yredelemnul
Zin
The Shining One
Beogh
Jiyva

Shops:
Orc:2 (%=*   Snake:3 *   Vaults:1 [   Vaults:3 !

Portals:
Hell: Depths:1 Depths:2
Abyss: Depths:1 Depths:2
Bazaar: Depths:2
Trove: D:10 (show slimy rune of Zot)

Annotations:
Lair:1 exclusion: oklob plant
Lair:5 exclusion: 2 oklob plants
Lair:6 3 runed translucent doors, walterwhite's ghost, journeyman FoFi
Swamp:2 Roxanne
Elf:2 3 runed translucent doors
Crypt:3 Mennas
Depths:1 exclusion: orange crystal statue
Abyss:1 Harold; Josephine; Vashnia


Innate Abilities, Weirdness & Mutations

You do not eat or drink.
Your flesh is vulnerable to fire.
You are immune to poison.
Your flesh is cold resistant. (rC+)
You are immune to negative energy. (rN+++)
You are immune to unholy pain and torment.
You can survive without breathing.
You are in touch with the powers of death.


Message History

The brown ugly thing stings your flayed ghost!
Your flayed ghost is splashed with acid.
The acid corrodes your flayed ghost!
A yaktaur comes into view.
A brown ugly thing comes into view.
Your flayed ghost closely misses the brown ugly thing.
You block the fire dragon's attack. The fire dragon closely misses you.
You block the fire dragon's attack.
Evoke which item? (* to show all) (? for menu, Esc to quit)
Aiming: Paralyse
Press: ? - help, Shift-Dir - straight line, f/p - fire dragon
Aim: a fire dragon (lightly wounded, catching its breath, susceptible to hostile enchantments, chance to defeat MR: 50%)
The fire dragon resists with some effort.
The red ugly thing bites your flayed ghost.
Your flayed ghost is engulfed in flames!!
Your flayed ghost is destroyed!
A brown ugly thing comes into view.
A fire giant comes into view.
It is wielding a +0 great sword of flaming.
A floating eye comes into view.
The fire dragon bites you but does no damage.
The fire dragon claws you but does no damage.
You block the fire dragon's attack.
Blink to where?
Press: ? - help, Dir - move target cursor, p - fire dragon
As you read the scroll of blinking {@r4}, it crumbles to dust.
The yaktaur wields a +0 arbalest.
The yaktaur shoots a bolt.
You block the bolt.
Your yaktaur captain hits something!
Evoke which item? (* to show all) (? for menu, Esc to quit)
Aiming: Enslavement
Press: ? - help, Shift-Dir - straight line, f - fire dragon
Aim: a fire dragon (lightly wounded, susceptible to hostile enchantments, chance to defeat MR: 50%)
The fire dragon resists with some effort.
The red ugly thing bites your yaktaur captain!
Your yaktaur captain is engulfed in flames!!
The fire dragon breathes flames at you. The blast of flame hits you!
You resist.
* * * LOW HITPOINT WARNING * * *
Something stings your yaktaur!
Your yaktaur is splashed with acid!
The acid corrodes your yaktaur!
Your yaktaur dies!
You hear a shout!
You hear a horrible gurgling sound!
You hear a deafening roar!
You hear a horrible gurgling sound!
Evoke which item? (* to show all) (? for menu, Esc to quit)
Aiming: Enslavement
Press: ? - help, Shift-Dir - straight line, f/p - fire dragon
Aim: a fire dragon (lightly wounded, catching its breath, susceptible to hostile enchantments, chance to defeat MR: 50%)
The fire dragon resists with some effort.
Your yaktaur captain completely misses the red ugly thing.
The red ugly thing bites your yaktaur captain.
Your yaktaur captain is engulfed in flames!
Really read
M - 3 scrolls of fog {!r}?
As you read the scroll of fog {!r}, it crumbles to dust.
The scroll dissolves into smoke.
Okay, then.
Really read
z - 4 scrolls of teleportation {@r3 !r}?
As you read the scroll of teleportation {@r3 !r}, it crumbles to dust.
You feel strangely unstable.
You open the door.
A deep troll comes into view. x2
Evoke which item? (* to show all) (? for menu, Esc to quit)
Aiming: Paralyse
Press: ? - help, Shift-Dir - straight line, f - deep troll
Aim: a deep troll (blue smoke, chance to defeat MR: 40%)
The deep troll suddenly stops moving!
The deep troll shouts!
Your surroundings suddenly seem different.
A green very ugly thing comes into view.
The green very ugly thing gurgles horribly!
A green very ugly thing comes into view.
The green very ugly thing gurgles horribly!
A green very ugly thing comes into view.
The green very ugly thing gurgles horribly!
A spriggan air mage comes into view.
The spriggan air mage shouts!
A stone giant comes into view.
The stone giant shouts!
A great orb of eyes comes into view.
The great orb of eyes turns its gaze towards you.
You hear a shout!
The green very ugly thing claws you but does no damage.
A stone giant comes into view.
Found 22 gold pieces and a ration.
Really read
c - 4 scrolls of fear {!r}?
As you read the scroll of fear {!r}, it crumbles to dust.
You assume a fearsome visage.
The green very ugly thing looks frightened! x3
The spriggan air mage resists with almost no effort.
The stone giant looks frightened! x2
The great orb of eyes resists with some effort.
A tengu warrior comes into view.
It is wielding a +0 long sword and wearing a +0 kite shield of cold resistance.
Okay, then.
You can't drink.
Evoke which item? (* to show all) (? for menu, Esc to quit)
Okay, then.
Okay, then.
Really read
z - 3 scrolls of teleportation {@r3 !r}?
As you read the scroll of teleportation {@r3 !r}, it crumbles to dust.
You feel strangely unstable.
The spriggan air mage waves its arms in wide circles.
The air twists around and strikes you!
You die...

#...
#..#
#..#
#..#
Q$.#
#..#
#..#
#@.#
#Gu.#
##i.#
...#
#u.u.
..%.#
#...C#
#..C.


You could see 3 very ugly things, 2 stone giants, a great orb of eyes, a tengu
warrior and a spriggan air mage (repels missiles).

Vanquished Creatures
  Frederick (Crypt:2)
  Saint Roka (D:15)
  2 profane servitors (Crypt:3)
  2 liches
  Rupert (D:14)
  An Ice Fiend (IceCv)
  2 deep elf master archers (Elf:3)
  2 deep elf blademasters (Elf:2)
  2 sphinxes
  3 ancient champions (Crypt:1)
  A thorn hunter (Swamp:1)
  A revenant (Crypt:2)
  A tengu reaver (Vaults:1)
  2 nagarajas (Snake:4)
  2 fire giants
  6 deep elf sorcerers
  6 frost giants
  Aizul (Swamp:2)
  6 deep elf elementalists
  3 vault wardens
  4 curse skulls
  9 ghouls
  Louise (Elf:1)
  11 ironheart preservers
  A war gargoyle (Vaults:4)
  A very ugly thing (Depths:2)
  4 vampire knights
  2 entropy weavers
  8 stone giants
  6 deep elf demonologists
  7 deep elf annihilators
  A dire elephant (D:15)
  Nessos (Lair:4)
  2 ettins
  A mummy priest (Crypt:3)
  8 eidola (Crypt:3)
  9 deep elf death magi
  6 jiangshi
  14 ogre magi
  2 deep elf high priests (Elf:3)
  4 fire dragons
  7 yaktaur captains
  4 ice dragons
  A hell beast (D:15)
  A ghost crab (Swamp:3)
  A juggernaut simulacrum (Depths:1)
  3 vault guards (Vaults:4)
  5 great orbs of eyes
  2 rakshasas (Vaults:1)
  8 naga warriors
  A catoblepas (Lair:6)
  5 centaur warriors
  5 death knights
  16 hydras
  19 anacondas
  Erica (D:9)
  3 deep troll shamans
  46 two-headed ogres
  6 alligators
  9 dancing weapons
  5 tengu warriors
  3 deep troll earth magi (Depths:2)
  4 orc high priests
  5 death yaks
  2 spriggan berserkers (Depths:2)
  5 vampire magi
  3 shock serpents
  6 naga sharpshooters
  28 deep elf knights
  6 salamander mystics
  4 shadow wraiths
  31 skeletal warriors
  2 storm dragon skeletons
  A ghost moth zombie (Crypt:2)
  2 flayed ghosts
  6 unseen horrors
  17 deep elf archers
  2 spriggan druids (Swamp:3)
  13 deep trolls
  A golden dragon zombie (Crypt:1)
  2 lindwurms (Snake:4)
  6 wizards
  6 swamp dragons
  A golden dragon skeleton (Depths:1)
  5 naga ritualists
  A wolf spider zombie (Crypt:3)
  A glowing orange brain (Vaults:1)
  10 ironbrand convokers
  18 mana vipers
  10 phantasmal warriors
  9 necromancers
  15 orc knights
  47 deep elf magi
  7 harpies
  4 wolf spiders
  2 frost giant zombies
  A tengu skeleton (Depths:1)
  2 orb spiders (shapeshifter)
  A shadow dragon skeleton (Crypt:1)
  A sphinx skeleton (Depths:1)
  23 ugly things
  5 salamanders
  A salamander (shapeshifter) (Vaults:1)
  An oklob plant (Lair:4)
  5 orc sorcerers
  A fire giant zombie (Crypt:3)
  9 cyclopes
  15 elephants
  2 human skeletons
  4 centaur zombies
  A shock serpent zombie (Crypt:3)
  11 vault sentinels
  38 black mambas
  5 guardian serpents (Snake:4)
  12 naga magi
  A rust devil (Depths:1)
  A fire giant skeleton (Crypt:1)
  A shock serpent skeleton (Crypt:2)
  An ice statue (IceCv)
  A pale draconian zombie (Crypt:1)
  A stone giant skeleton (Crypt:1)
  2 gargoyles
  16 spiny frogs
  2 rime drakes
  A minotaur zombie (Crypt:1)
  15 freezing wraiths
  A kobold demonologist (D:15)
  An orange demon (Abyss:2)
  5 komodo dragons
  2 yaktaur zombies
  26 yaktaurs
  A red devil (Depths:1)
  An iron troll skeleton (Crypt:1)
  A yaktaur (shapeshifter) (D:15)
  11 trolls
  2 ice devils (IceCv)
  A jumping spider (shapeshifter) (Vaults:2)
  2 tengu conjurers (Depths:2)
  A meliai (shapeshifter) (Depths:2)
  A merfolk (D:15)
  2 polar bears (shapeshifter)
  9 hornets
  A polar bear (Lair:6)
  3 jumping spiders (Crypt:3)
  A tengu simulacrum (Depths:1)
  33 slime creatures
  6 bog bodies
  7 dream sheep (Lair:6)
  10 hippogriffs
  7 tyrant leeches
  A raiju (shapeshifter) (Depths:1)
  A fire giant simulacrum (Crypt:2)
  12 blink frogs
  2 alligator zombies
  2 large abominations (Elf:1)
  5 redbacks
  A frost giant simulacrum (Vaults:3)
  8 spriggans
  2 flying skulls
  3 shadows
  An air elemental (Elf:2)
  13 wraiths
  2 wyverns
  3 fire elementals
  A black mamba skeleton (Crypt:2)
  7 water elementals
  2 vampires
  2 ushabtiu (Crypt:3)
  4 basilisks
  58 yaks
  10 vampire mosquitoes
  3 hungry ghosts
  A death yak simulacrum (IceCv)
  The ghost of Glundar the Firebug, an amateur GnFE (D:3)
  10 swamp worms
  2 iron troll simulacra (IceCv)
  3 harpy simulacra (IceCv)
  15 insubstantial wisps
  8 wargs
  33 nagas
  7 porcupines
  An acid dragon (shapeshifter) (Vaults:4)
  11 water moccasins
  A gelid demonspawn skeleton (Crypt:2)
  5 hydra simulacra (IceCv)
  A hornet zombie (D:14)
  A floating eye (Depths:3)
  62 orc warriors
  9 swamp drakes
  An alligator simulacrum (IceCv)
  3 ice beasts
  2 sky beasts
  13 necrophages
  An eye of draining (shapeshifter) (Vaults:3)
  3 eyes of draining
  3 phantoms
  5 boggarts (Vaults:2)
  2 black bears
  3 ettin simulacra
  37 ogres
  15 centaurs
  8 wolves
  A torpor snail zombie (Crypt:1)
  3 big kobolds
  12 crocodiles
  4 elf zombies (Elf:1)
  14 bullfrogs
  A wyvern zombie (D:14)
  A komodo dragon skeleton (Crypt:1)
  3 earth elementals
  13 wyvern skeletons
  4 scorpions
  A warg zombie (Crypt:2)
  An elephant simulacrum (IceCv)
  A troll skeleton (Crypt:1)
  An elf simulacrum (Vaults:1)
  10 wights
  7 electric eels
  2 howler monkeys
  2 crimson imps
  A bullfrog zombie (D:13)
  3 draconian simulacra (IceCv)
  A quasit (D:11)
  A demonspawn zombie (Crypt:2)
  2 human zombies (Crypt:1)
  4 jellies
  34 orc priests
  A wyvern simulacrum (D:14)
  4 centaur skeletons
  A gnoll shaman (D:5)
  6 hounds
  3 bullfrog skeletons
  Jessica (D:2)
  2 iguanas
  7 worker ants
  27 orc wizards
  Terence (D:3)
  A troll simulacrum (IceCv)
  A wolf simulacrum (IceCv)
  3 spriggan simulacra (IceCv)
  A centaur simulacrum (IceCv)
  8 mummies
  A worker ant zombie (D:7)
  A howler monkey zombie (D:8)
  8 gnolls
  A naga simulacrum (IceCv)
  An ogre simulacrum (IceCv)
  18 adders
  2 shadow imps
  10 white imps
  7 ufetubi (IceCv)
  An ooze (D:4)
  An adder skeleton (D:6)
  A lava snake skeleton (Crypt:1)
  4 worms
  4 dart slugs
  4 leopard geckos
  135 orcs
  2 ball pythons (D:5)
  6 giant cockroaches
  6 goblins
  5 hobgoblins
  8 jackals
  17 kobolds
  6 quokkas
  6 bats
  8 frilled lizards
  3 goblin skeletons
  A goblin zombie (D:4)
  A hobgoblin zombie (D:4)
  A jackal skeleton (D:6)
  A kobold skeleton (D:4)
  A kobold zombie (D:4)
  A leopard gecko skeleton (D:4)
  An orc zombie (D:4)
  2 quokka skeletons
  A quokka zombie (D:5)
  7 rats
  A withered plant (Crypt:3)
1784 creatures vanquished.

Vanquished Creatures (collateral kills)
  Donald (Swamp:2)
  A vault warden (Vaults:4)
  A yaktaur (Vaults:4)
3 creatures vanquished.

Vanquished Creatures (others)
  3 nagarajas (Snake:4)
  An orc warlord (Orc:2)
  3 ghouls
  A deep elf elementalist (Elf:3)
  A very ugly thing (Depths:2)
  A stone giant (Depths:2)
  An ettin (Vaults:4)
  A fire dragon (D:14)
  A deep elf high priest (Elf:3)
  A yaktaur captain (Depths:3)
  9 naga warriors
  4 hydras
  A shambling mangrove (Swamp:3)
  2 two-headed ogres
  5 alligators
  4 anacondas
  A ghost crab (Swamp:3)
  A titan zombie (Crypt:1)
  A deep troll shaman (Lair:6)
  7 naga sharpshooters (Snake:4)
  A hell knight (Vaults:4)
  2 storm dragon zombies (Crypt:3)
  5 shock serpents
  A soul eater (Crypt:2)
  10 slime creatures
  A fire crab (Lair:6)
  2 salamander mystics (Snake:4)
  A skeletal warrior (Crypt:3)
  A golden dragon zombie (Crypt:3)
  5 naga ritualists
  2 spriggan druids (Swamp:4)
  A wizard (Vaults:1)
  2 flayed ghosts
  3 lindwurms
  A deep elf archer (Elf:2)
  2 swamp dragons (Swamp:4)
  An anaconda skeleton (Crypt:2)
  A wolf spider zombie (Crypt:1)
  An orc knight (Orc:1)
  2 phantasmal warriors (Crypt:3)
  2 oklob plants (Snake:2)
  3 frost giant zombies
  2 ironbrand convokers
  A wolf spider (Lair:1)
  3 mana vipers
  A necromancer (Crypt:1)
  3 salamanders
  4 guardian serpents
  An elephant (Lair:1)
  6 naga magi
  A dire elephant zombie (Crypt:3)
  A death yak zombie (Crypt:2)
  8 black mambas
  2 spiny frogs (Swamp:3)
  A komodo dragon (Lair:1)
  2 yaktaurs (Depths:3)
  2 ice devils (IceCv)
  2 freezing wraiths (IceCv)
  A golden dragon simulacrum (IceCv)
  2 tyrant leeches
  2 hornets
  An ettin zombie (Crypt:3)
  2 bog bodies (Swamp:3)
  A blink frog (Swamp:3)
  2 spriggans (Swamp:3)
  A wraith (Vaults:2)
  2 flying skulls (Crypt:1)
  A wyvern (D:10)
  A dire elephant simulacrum (IceCv)
  3 nagas
  2 swamp worms
  A glowing shapeshifter zombie (Crypt:2)
  4 swamp drakes
  A sky beast (D:11)
  An orc warrior (D:11)
  An ettin simulacrum (IceCv)
  2 swamp dragon zombies
  A centaur simulacrum (IceCv)
  A white imp (IceCv)
  2 ufetubi (IceCv)
  An orc (Depths:1)
  3 briar patches (Swamp:4)
  2 bushes
  50 fungi
  56 plants
  5 withered plants (Crypt:3)
291 creatures vanquished.

Grand Total: 2078 creatures vanquished

Notes
Turn   | Place    | Note
-------+----------+-------------------------------------------
     0 | Abyss:1  | EnegeticOcto the Mummy Abyssal Knight began the quest for
                  | the Orb.
     0 | Abyss:1  | Reached XP level 1. HP: 18/18 MP: 2/2
    43 | Abyss:1  | Noticed a large abomination
    48 | D:1      | Escaped the Abyss
   181 | D:1      | Reached skill level 2 in Polearms
   206 | D:1      | Reached XP level 2. HP: 23/24 MP: 3/3
   266 | D:1      | Reached * piety under Lugonu
   759 | D:1      | Reached XP level 3. HP: 22/29 MP: 4/4
  1065 | D:2      | Reached skill level 3 in Polearms
  1091 | D:2      | Noticed Jessica
  1107 | D:2      | Killed Jessica
  1107 | D:2      | Reached XP level 4. HP: 31/35 MP: 5/5
  1334 | D:2      | Reached skill level 1 in Slings
  1788 | D:3      | Noticed Terence
  1799 | D:3      | Killed Terence
  1869 | D:3      | Reached skill level 2 in Slings
  1869 | D:3      | Reached XP level 5. HP: 38/41 MP: 6/6
  1899 | D:3      | Found a bloodstained altar of Trog.
  1915 | D:3      | Found a shadowy altar of Dithmenos.
  1916 | D:3      | Found a shimmering blue altar of Sif Muna.
  1917 | D:3      | Found a sparkling altar of Nemelex Xobeh.
  2012 | D:3      | Noticed an ogre
  2013 | D:3      | Noticed an ogre
  2013 | D:3      | Noticed Glundar's ghost (amateur GnFE)
  2014 | D:3      | Found a transporter.
  2015 | D:3      | Noticed an ogre
  2027 | D:3      | Reached ** piety under Lugonu
  2030 | D:3      | Found a transporter.
  3164 | D:4      | Noticed a phantom
  3250 | D:4      | Killed a phantom
  3250 | D:4      | Reached skill level 3 in Slings
  3250 | D:4      | Reached XP level 6. HP: 27/47 MP: 7/7
  3580 | D:4      | Found a glowing golden altar of the Shining One.
  3646 | D:4      | Found a white marble altar of Elyvilon.
  4053 | D:5      | Entered Level 5 of the Dungeon
  4327 | D:5      | Reached skill level 2 in Invocations
  4364 | D:5      | Reached skill level 4 in Slings
  4662 | D:5      | Reached skill level 3 in Invocations
  4972 | D:5      | Reached XP level 7. HP: 40/52 MP: 9/9
  5400 | D:5      | Reached skill level 4 in Invocations
  5741 | D:4      | Reached skill level 5 in Invocations
  5922 | D:5      | Reached *** piety under Lugonu
  6380 | D:6      | Reached skill level 2 in Armour
  6736 | D:6      | Reached XP level 8. HP: 52/60 MP: 11/11
  6976 | D:5      | Reached skill level 4 in Fighting
  6976 | D:5      | Reached skill level 4 in Polearms
  7266 | D:6      | Reached skill level 3 in Armour
  7424 | D:6      | Found a glowing silver altar of Zin.
  7568 | D:7      | Found a stormy altar of Qazlal.
  7771 | D:7      | Found a staircase to the Ecumenical Temple.
  7993 | D:7      | Reached skill level 5 in Fighting
  8201 | D:7      | Reached skill level 1 in Shields
  8221 | D:7      | Reached **** piety under Lugonu
  8311 | D:7      | Found a glowing golden altar of the Shining One.
  8313 | D:7      | Found a snail-covered altar of Cheibriados.
  8313 | D:7      | Found an ancient bone altar of Kikubaaqudgha.
  8321 | D:7      | Reached skill level 4 in Armour
  8322 | D:7      | Found a shimmering altar of Xom.
  8322 | D:7      | Found a shadowy altar of Dithmenos.
  8322 | D:7      | Found a sparkling altar of Nemelex Xobeh.
  8521 | D:8      | Reached skill level 5 in Polearms
  8650 | D:8      | Found a hide-covered altar of Uskayaw.
  8676 | D:8      | Reached skill level 2 in Shields
  8676 | D:8      | Reached XP level 9. HP: 65/68 MP: 12/12
  8854 | D:8      | Found a blossoming altar of Fedhas.
  8868 | D:8      | Noticed a two-headed ogre
  8871 | D:8      | Banished a two-headed ogre
  9219 | D:8      | Reached skill level 3 in Shields
  9389 | D:8      | Reached skill level 5 in Armour
  9427 | D:8      | Reached skill level 6 in Polearms
  9530 | D:8      | Found a staircase to the Lair.
  9846 | D:9      | Reached skill level 4 in Shields
 10221 | D:9      | Found an ornate altar of the Wu Jian Council.
 10271 | D:9      | Noticed Erica
 10279 | D:9      | Killed Erica
 10279 | D:9      | Reached skill level 6 in Invocations
 10279 | D:9      | Reached XP level 10. HP: 65/74 MP: 14/14
 10374 | D:9      | Found a burning altar of Makhleb.
 10375 | D:9      | Found a shattered altar of Ashenzari.
 10498 | D:10     | Entered Level 10 of the Dungeon
 10559 | D:10     | Upgraded the game from 0.26-a0-18-g135ff06667 to
                  | 0.26-a0-21-gf97e55dc39
 10920 | D:10     | Got a crystal whip
 11007 | D:10     | Reached skill level 7 in Polearms
 11060 | D:10     | Reached skill level 5 in Shields
 11319 | D:10     | Found a portal to a secret trove of treasure.
 11737 | D:11     | Reached skill level 7 in Invocations
 12038 | D:11     | Noticed an unseen horror
 12050 | D:11     | Killed an unseen horror
 12408 | D:11     | Reached skill level 6 in Shields
 13268 | Lair:1   | Entered Level 1 of the Lair of Beasts
 13300 | Lair:1   | Noticed an oklob plant
 13352 | Lair:1   | Noticed a black mamba
 13363 | Lair:1   | Reached skill level 8 in Polearms
 13365 | Lair:1   | Banished a black mamba
 13365 | Lair:1   | Reached XP level 11. HP: 61/79 MP: 16/16
 13524 | Lair:1   | Reached skill level 8 in Invocations
 14044 | Lair:1   | Reached skill level 7 in Shields
 14227 | Lair:1   | Noticed a wolf spider
 14229 | Lair:1   | Banished a wolf spider
 14562 | Lair:1   | Reached skill level 9 in Polearms
 15238 | Lair:1   | Identified the +4 whip "Rarghuina" {holy, +Rage rPois rN++
                  | Stlth-} (You found it on level 10 of the Dungeon)
 16126 | Lair:2   | Found a staircase to the Swamp.
 16263 | Lair:2   | Reached skill level 8 in Shields
 16401 | Lair:2   | Noticed Harold
 16402 | Lair:2   | Banished Harold
 17375 | Lair:2   | Reached XP level 12. HP: 83/86 MP: 18/18
 17390 | Lair:2   | Reached skill level 10 in Polearms
 17485 | Lair:2   | Found a staircase to the Snake Pit.
 18241 | Lair:3   | Reached skill level 9 in Shields
 18514 | Lair:3   | Noticed a seven-headed hydra
 18532 | Lair:3   | Banished a seven-headed hydra
 18691 | Lair:3   | Noticed a four-headed hydra
 18697 | Lair:3   | Killed a four-headed hydra
 19536 | Lair:4   | Reached skill level 1 in Evocations
 19540 | Lair:4   | You fall into a shaft and drop 1 floor!
 19860 | Lair:5   | Found a staircase to the Slime Pits.
 20171 | Lair:4   | Reached skill level 2 in Evocations
 20285 | Lair:4   | You fall into a shaft and drop 1 floor!
 20519 | Lair:4   | Noticed Nessos
 20535 | Lair:4   | Killed Nessos
 20535 | Lair:4   | Reached skill level 3 in Evocations
 20730 | Lair:4   | Reached skill level 11 in Polearms
 21137 | Lair:4   | Reached skill level 10 in Shields
 21714 | Lair:5   | Got an ancient granite ring
 21715 | Lair:5   | Identified the ring of Poov {rF+ Str+3 SInv Stlth+} (You
                  | found it on level 5 of the Lair of Beasts)
 21804 | Lair:5   | Noticed a five-headed hydra
 21816 | Lair:5   | Killed a five-headed hydra
 22344 | Lair:5   | Reached skill level 4 in Evocations
 22344 | Lair:5   | Gained mutation: You are in touch with the powers of death.
                  | [Mummy growth]
 22344 | Lair:5   | Reached XP level 13. HP: 43/91 MP: 19/19
 22616 | Lair:5   | Learned a level 5 spell: Agony
 22622 | Lair:5   | Learned a level 5 spell: Excruciating Wounds
 22668 | Lair:6   | Entered Level 6 of the Lair of Beasts
 23343 | Lair:6   | Reached ***** piety under Lugonu
 23691 | Lair:6   | Reached skill level 11 in Shields
 23704 | Lair:6   | Reached skill level 12 in Polearms
 23954 | Lair:6   | Found a runed translucent gate.
 23954 | Lair:6   | Found a runed translucent gate.
 23954 | Lair:6   | Found a runed translucent gate.
 23955 | Lair:6   | Noticed a death ooze
 23956 | Lair:6   | Found a viscous altar of Jiyva.
 23956 | Lair:6   | Noticed walterwhite's ghost (journeyman FoFi)
 24060 | Lair:6   | Reached skill level 1 in Necromancy
 24479 | Lair:6   | Reached skill level 2 in Necromancy
 25245 | Lair:5   | Reached skill level 3 in Necromancy
 25260 | Lair:5   | Reached skill level 6 in Fighting
 25664 | Lair:6   | Reached XP level 14. HP: 71/100 MP: 17/20
 25849 | Lair:6   | Learned a level 2 spell: Corpse Rot
 26184 | D:12     | Found a staircase to the Orcish Mines.
 27742 | D:13     | Reached skill level 7 in Fighting
 28759 | D:13     | Identified the +6 scale mail of Foimuemp {Str+4} (You found
                  | it on level 13 of the Dungeon)
 28870 | Orc:1    | Entered Level 1 of the Orcish Mines
 28896 | D:12     | Reached skill level 13 in Polearms
 28948 | D:12     | Reached skill level 4 in Necromancy
 29540 | Orc:2    | Entered Level 2 of the Orcish Mines
 29659 | Orc:2    | Reached skill level 12 in Shields
 29768 | Orc:2    | Reached ****** piety under Lugonu
 29917 | Orc:2    | Noticed Josephine
 29921 | Orc:2    | Banished Josephine
 30362 | Orc:2    | Noticed a stone giant
 30380 | Orc:2    | Killed a stone giant
 30803 | Orc:2    | Found a staircase to the Elven Halls.
 31494 | Orc:2    | Found a roughly hewn altar of Beogh.
 31520 | Orc:2    | Reached skill level 5 in Necromancy
 31523 | Orc:2    | Found Coxzaawo's Assorted Antiques.
 31596 | Orc:2    | Reached skill level 8 in Fighting
 31733 | Orc:2    | Found Sygoohad's Jewellery Shop.
 32086 | Orc:2    | Noticed an orc warlord
 32095 | Orc:2    | Banished an orc warlord
 32662 | Orc:2    | Found a roughly hewn altar of Beogh.
 33060 | Orc:2    | Found Bapierif's Weapon Boutique.
 33472 | Orc:2    | Found Weijagog's Food Shoppe.
 33647 | Orc:2    | Bought a tin of tremorstones (3/3) for 880 gold pieces
 33657 | Orc:2    | Bought the ring of the Devouring Pariah {rF+ Int+5} for 595
                  | gold pieces
 33808 | D:14     | Noticed Rupert
 33853 | D:14     | Killed Rupert
 33853 | D:14     | Reached XP level 15. HP: 81/111 MP: 21/21
 34304 | D:14     | You fall into a shaft and drop 1 floor!
 34304 | D:15     | Entered Level 15 of the Dungeon
 34351 | D:15     | Reached skill level 6 in Necromancy
 34556 | D:15     | Reached skill level 14 in Polearms
 34876 | D:15     | Reached skill level 9 in Fighting
 34928 | D:15     | Found a staircase to the Depths.
 35283 | D:15     | Identified a scroll of acquirement
 35441 | D:15     | Found a bloodstained altar of Trog.
 35517 | D:15     | Reached skill level 7 in Necromancy
 36378 | D:14     | Found a gate to the Vaults.
 36728 | D:3      | Killed Glundar's ghost
 37157 | Swamp:1  | Entered Level 1 of the Swamp
 37178 | Swamp:1  | Identified a +4 demon trident of distortion (a +2 demon
                  | trident of freezing corrupted by Lugonu)
 37178 | Swamp:1  | Received a gift from Lugonu
 37220 | Swamp:1  | Found a frozen archway.
 37230 | IceCv    | Entered an ice cave
 38288 | IceCv    | Noticed an Ice Fiend
 38598 | IceCv    | Reached skill level 13 in Shields
 39640 | IceCv    | Killed an Ice Fiend
 39640 | IceCv    | Reached skill level 10 in Fighting
 39640 | IceCv    | Reached skill level 8 in Necromancy
 39664 | IceCv    | Identified the cursed +0 pair of gloves of the Burnt
                  | Jabberwock {rCorr Str+3 Int+3} (You found it in an ice
                  | cave)
 39666 | IceCv    | Got a faintly glowing jade ring
 39667 | IceCv    | Identified the ring of Ohotov {+Inv rPois rN+ AC+4} (You
                  | found it in an ice cave)
 40447 | Swamp:1  | Noticed a thorn hunter
 40476 | Swamp:1  | Killed a thorn hunter
 40978 | Swamp:2  | Noticed Aizul
 41046 | Swamp:2  | Killed Aizul
 41618 | Swamp:2  | Reached XP level 16. HP: 122/122 MP: 22/22
 41716 | Swamp:2  | Reached skill level 9 in Necromancy
 41854 | Swamp:2  | Noticed Roxanne
 41950 | Swamp:2  | Noticed Donald
 41960 | Swamp:2  | Killed Donald
 42599 | Swamp:3  | Found a blossoming altar of Fedhas.
 43066 | Swamp:2  | Reached skill level 1 in Spellcasting
 43168 | Swamp:3  | Reached skill level 1 in Charms
 43216 | Swamp:3  | Reached skill level 2 in Spellcasting
 43665 | Swamp:3  | Reached skill level 3 in Spellcasting
 43665 | Swamp:3  | Reached skill level 2 in Charms
 44061 | Swamp:4  | Entered Level 4 of the Swamp
 44664 | Swamp:3  | Reached skill level 4 in Spellcasting
 44943 | Swamp:4  | Reached skill level 10 in Necromancy
 44963 | Swamp:4  | Reached skill level 3 in Charms
 45016 | Swamp:4  | Reached skill level 5 in Spellcasting
 45250 | Swamp:4  | Reached skill level 14 in Shields
 45266 | Swamp:4  | Reached skill level 4 in Charms
 45552 | Swamp:4  | Noticed a thorn hunter
 45565 | Swamp:4  | Banished a thorn hunter
 45857 | Swamp:4  | Got a decaying rune of Zot
 46496 | Snake:1  | Entered Level 1 of the Snake Pit
 46744 | Lair:2   | Reached skill level 5 in Charms
 47417 | Snake:1  | Got the amulet of the Magpie {Spirit rC+ Str+4 Int-2 Dex+2}
 47639 | Snake:1  | You fall into a shaft and drop 1 floor!
 47762 | Snake:2  | Reached XP level 17. HP: 128/128 MP: 24/24
 48090 | Snake:2  | Reached skill level 6 in Charms
 49481 | Snake:3  | Identified the +1 hat "Tosush" {-Cast rC++ Str+6} (You
                  | found it on level 3 of the Snake Pit)
 49586 | Snake:3  | Reached skill level 7 in Charms
 49633 | Snake:3  | Reached skill level 15 in Shields
 49997 | Snake:3  | Reached skill level 8 in Charms
 50119 | Snake:3  | Found Log Uddo's General Store.
 50207 | Snake:3  | Learned a level 4 spell: Dispel Undead
 50404 | Snake:4  | Entered Level 4 of the Snake Pit
 51098 | Snake:4  | Reached skill level 6 in Armour
 51123 | Snake:4  | Reached skill level 11 in Necromancy
 52147 | Snake:4  | Reached skill level 7 in Armour
 52381 | Snake:4  | Reached XP level 18. HP: 134/134 MP: 23/25
 52466 | Snake:4  | Reached skill level 12 in Necromancy
 52601 | Snake:4  | Reached skill level 8 in Armour
 53351 | Snake:4  | Noticed Vashnia
 53388 | Snake:4  | Banished Vashnia
 53557 | Snake:4  | Got a serpentine rune of Zot
 53970 | Elf:1    | Entered Level 1 of the Elven Halls
 54207 | Elf:1    | Reached skill level 13 in Necromancy
 54486 | Elf:1    | Reached skill level 9 in Armour
 54900 | Elf:1    | Noticed Louise
 54921 | Elf:1    | Killed Louise
 55441 | Elf:1    | Identified the Tome of Evil
 55464 | Elf:1    | Learned a level 4 spell: Animate Dead
 55467 | Elf:1    | Learned a level 2 spell: Swiftness
 55469 | Elf:1    | Learned a level 1 spell: Apportation
 55472 | Elf:1    | Learned a level 2 spell: Passwall
 56991 | Elf:2    | Found a runed translucent gate.
 56993 | Elf:2    | Found a runed translucent gate.
 56996 | Elf:2    | Found a runed translucent gate.
 57334 | Elf:2    | Reached XP level 19. HP: 112/142 MP: 16/26
 57927 | D:12     | Learned a level 5 spell: Borgnjor's Vile Clutch
 58078 | Elf:3    | Entered Level 3 of the Elven Halls
 58248 | Elf:3    | Reached skill level 9 in Invocations
 58819 | Elf:3    | Reached skill level 1 in Earth Magic
 58954 | Elf:3    | Reached skill level 9 in Charms
 58980 | Elf:3    | Reached skill level 11 in Fighting
 59326 | Elf:3    | Identified a ring of the Octopus King {AC+1 EV+1 Str+1
                  | Int+1 Dex+1 Stlth+}
 59642 | Elf:3    | Reached skill level 2 in Earth Magic
 59730 | Elf:3    | Cast into level 2 of the Abyss (a deep elf demonologist)
 59730 | Abyss:2  | Found a corrupted altar of Lugonu.
 59754 | Elf:3    | Escaped the Abyss
 60056 | Elf:3    | Reached skill level 10 in Armour
 60072 | Elf:3    | Identified the amulet of Igem {Faith *Corrode rF+ rN+}
 60076 | Elf:3    | Identified the cursed +1 scale mail of the Crypt {rElec rC+
                  | Int+6}
 60640 | Elf:3    | Identified the ring of Rysmoink {rPois Dex+3}
 60643 | Elf:3    | Reached skill level 3 in Earth Magic
 60656 | Elf:3    | Reached skill level 14 in Necromancy
 61046 | Elf:3    | Identified the cursed +0 helmet of the Illusory Knaves
                  | {rN+} (You found it on level 3 of the Elven Halls)
 61098 | Elf:3    | Identified the +4 hand crossbow "Geecef" {flame, rC- Str+5
                  | Dex+3} (You found it on level 3 of the Elven Halls)
 61237 | Elf:3    | Identified Ydayliba's Almanac of Envenoming
 61535 | Vaults:1 | Entered Level 1 of the Vaults
 61670 | Vaults:1 | Reached skill level 10 in Invocations
 62153 | Vaults:1 | Reached skill level 4 in Earth Magic
 62377 | Vaults:1 | Cast into level 2 of the Abyss (a deep elf sorcerer)
 62502 | Vaults:1 | Escaped the Abyss
 62512 | Vaults:1 | Reached skill level 6 in Spellcasting
 62519 | Vaults:1 | Reached skill level 12 in Fighting
 62849 | Vaults:1 | Reached XP level 20. HP: 83/153 MP: 3/29
 64078 | Vaults:1 | Reached skill level 5 in Earth Magic
 64082 | Vaults:1 | Reached skill level 7 in Spellcasting
 64455 | Vaults:1 | Found Ewaw's Armour Shop.
 67210 | Vaults:2 | Found a staircase to the Crypt.
 68401 | Vaults:1 | Bought a +1 cloak of stealth for 231 gold pieces
 68429 | Vaults:1 | Bought the +6 plate armour of the Vacuum {*Contam rElec
                  | rC+} for 957 gold pieces
 69219 | Vaults:3 | Reached skill level 15 in Necromancy
 69349 | Vaults:3 | Reached skill level 10 in Charms
 69349 | Vaults:3 | Reached skill level 6 in Earth Magic
 69601 | Vaults:3 | Reached skill level 11 in Armour
 69929 | Vaults:3 | Reached skill level 13 in Fighting
 70050 | Vaults:3 | Reached XP level 21. HP: 159/162 MP: 16/31
 70706 | Vaults:3 | Found Jilos's Distillery.
 71719 | Vaults:4 | Reached skill level 7 in Earth Magic
 72035 | Vaults:4 | Reached skill level 12 in Armour
 73707 | Crypt:1  | Entered Level 1 of the Crypt
 74441 | Crypt:1  | Found a basalt altar of Yredelemnul.
 75933 | Crypt:2  | Reached skill level 8 in Earth Magic
 76098 | Crypt:2  | Got a sparkling granite ring
 76099 | Crypt:2  | Identified the ring of Awe {Wiz MR+ Str-4 Dex+4} (You found
                  | it on level 2 of the Crypt)
 76290 | Crypt:2  | Reached skill level 14 in Fighting
 76324 | Crypt:2  | Reached skill level 16 in Necromancy
 76336 | Crypt:2  | Reached skill level 13 in Armour
 76336 | Crypt:2  | Reached XP level 22. HP: 155/172 MP: 5/32
 76342 | Crypt:2  | Noticed Frederick
 76658 | Crypt:2  | Killed Frederick
 77551 | Crypt:3  | Entered Level 3 of the Crypt
 77869 | Crypt:3  | Identified the +9 morningstar of Egrusk {antimagic, +Rage
                  | rC+} (You found it on level 3 of the Crypt)
 78810 | Crypt:3  | Found a staircase to the Tomb.
 79162 | Crypt:3  | Found a basalt altar of Yredelemnul.
 79175 | Crypt:3  | Reached skill level 1 in Dodging
 79364 | Crypt:3  | Identified the cursed -3 tower shield of the Trilobite
                  | {*Slow rElec rF+ MR+}
 79364 | Crypt:3  | Noticed Mennas
 79845 | Crypt:3  | Reached skill level 9 in Earth Magic
 80331 | Crypt:3  | Identified the Disquisition on Black Magic
 80373 | Crypt:3  | Reached skill level 2 in Dodging
 80819 | Crypt:3  | Identified the +9 war axe "Noxivax" {freeze, rN+ Dex-3
                  | SInv}
 80819 | Crypt:3  | Identified the cursed +0 robe of Pathos {rCorr Dex+2}
 80828 | Crypt:3  | Reached skill level 11 in Invocations
 80876 | Crypt:3  | Identified the +10 war axe "Loinenke" {holy, rElec rPois}
                  | (You found it on level 3 of the Crypt)
 81235 | Depths:1 | Entered Level 1 of the Depths
 81269 | D:15     | Reached skill level 3 in Dodging
 81444 | Depths:1 | Noticed Saint Roka
 81732 | D:15     | Killed Saint Roka
 81732 | D:15     | Reached skill level 15 in Fighting
 82089 | Depths:1 | Found a one-way gate to the infinite horrors of the Abyss.
 82386 | Depths:1 | Found a gateway to Hell.
 82683 | Depths:2 | Reached skill level 4 in Dodging
 82828 | Depths:2 | Found a flickering gateway to a bazaar.
 82851 | Depths:2 | Noticed a juggernaut
 82854 | Depths:2 | Reached skill level 17 in Necromancy
 82855 | Depths:2 | Reached XP level 23. HP: 103/181 MP: 15/33
 82858 | Depths:2 | Identified the +5 falchion of Urhemukh {flame, SInv}
 82862 | Depths:2 | Reached skill level 10 in Earth Magic
 82878 | Depths:3 | HP: 8/181 [fire dragon/blast of flame (20)]
 82884 | Depths:3 | HP: 2/181 [fire dragon/blast of flame (8)]
 82893 | Depths:3 | Killed from afar by a spriggan air mage

Illustrated notes

Levels and vault maps discovered:
D:1:      dpeg_arrival_central, layout_basic, minmay_misc_feat_rows,
          dk_noncrumbling_3
D:2:      layout_rooms, uniq_jessica
D:3:      layout_loops_corners, grunt_temple_overflow_open,
          gammafunk_ghost_smash, uniq_terence
D:4:      layout_basic, elyvilon_altar_1, nicolae_tso_besieged_by_evil
D:5:      layout_layer_cave, first_ration
D:6:      layout_rooms, zin_treasury
D:7:      layout_basic, doesnt_xom_only_xom, minmay_temple_entry_arrows,
          basic_altar, kennysheep_nub
D:8:      layout_cave_pools, fedhas_altar_1, old_standard_altar,
          grunt_lair_entry_orc_guard_hut, grunt_ogre_cave
D:9:      layout_cave_pools, nicolae_overflow_crystal_walls,
          chequers_temple_overflow_statue_of_worship, uniq_erica
D:10:     layout_basic, enter_trove_3, minmay_fractal_squares_diagonal_5
D:11:     layout_irregular_city
D:12:     layout_basic, orc_0_dummy
D:13:     layout_loops_ring
D:14:     layout_rooms, david_vaults_4, uniq_rupert
D:15:     hangedman_depths_entry_try_elsewhere_first, layout_irregular_city,
          kennysheep_doodads, basic_altar, pond
Lair:1:   minmay_lair_venomous_thicket, layout_layer_cave, wad_woods_02,
          minmay_lair_oklob_chamber
Lair:2:   layout_chaotic_city, skrybe_swamp_entry_bodies,
          minmay_snake_entry_guardpost_small, serial_bayou_shore_a, uniq_harold
Lair:3:   layout_concentric_octagons, wad_woods_road_06
Lair:4:   layout_roguey, uniq_nessos
Lair:5:   layout_roguey, minmay_slime_entry_oklob_open,
          chequers_serial_rivers_marsh, serial_bayou_shore_b
Lair:6:   grunt_lair_end_beastmaster, layout_regular_city, gammafunk_ghost_ooze,
          grunt_megastairs_4
Swamp:1:  layout_basic_swamp, portal_ice_cave_entry_pillars_2,
          evilmike_swamp_ruin_rubble_2, swamp_pool4
Swamp:2:  layout_falls_marsh, evilmike_swamp_ruin_house_5, uniq_aizul,
          uniq_donald, uniq_roxanne
Swamp:3:  layout_falls_marsh, basic_altar
Swamp:4:  swamp, layout_basic_swamp
Snake:1:  layout_misc_corridors
Snake:2:  dpeg_oklob_gauntlet, layout_layer_cave
Snake:3:  layout_onion_interference, serial_shops, shop_coins,
          grunt_ministairs_15, drop_trap
Snake:4:  snake_pit_salamanders_mu, layout_cave_town, st_stairs_5, uniq_vashnia
Orc:1:    layout_diamond_mine
Orc:2:    pubby_orc_utopia, uniq_josephine
Elf:1:    minmay_elf_arrival_plus, layout_geoelf_diagonals,
          minmay_elf_necromancy, palyth_stone_intersect, uniq_louise
Elf:2:    layout_geoelf_octagon
Elf:3:    grunt_elf_hall_branching, layout_onion_city,
          ebering_dispersal_statue_hall
Vaults:1: vaults_room_mumra_shop_pool, nicolae_vaults_network_periphery,
          ontoclasm_vaults_decontamination, v_misc_9,
          nicolae_vaults_circle_grid_b, st_spiral_rooms, v_rooms_6,
          vaults_room_corners, v_misc_5, vaults_dpeg_hooks,
          hangedman_vaults_slice, ontoclasm_vaults_fault, v_misc_16,
          layout_vaults_omnibox
Vaults:2: v_misc_25, vaults_room_grid, vaults_standard_mumra_lines, v_misc_13,
          vaults_room_octagon, minmay_crypt_entry_simple_round,
          vaults_room_fours, hangedman_vaults_stretched_pinwheel,
          layout_vaults_omnigrid
Vaults:3: grunt_vaults_funnel, v_pattern_1, nicolae_vaults_asterisk,
          ontoclasm_vaults_eye, vaults_room_corners, ontoclasm_vaults_tryst,
          v_misc_14, nicolae_vaults_little_squares_6,
          nicolae_vaults_mini_display_case, v_misc_12, vaults_dpeg_encased_lava,
          vaults_dpeg_diagonal, layout_vaults_ring, serial_shops, shop
Vaults:4: v_misc_27, v_pattern_5, nicolae_vaults_network_quincunx
          [nicolae_vaults_network_quincunx_subvault,
          nicolae_vaults_network_quincunx_subvault,
          nicolae_vaults_network_quincunx_subvault,
          nicolae_vaults_network_quincunx_subvault,
          nicolae_vaults_network_quincunx_subvault], nicolae_vaults_what_the_h,
          nicolae_vaults_big_angled_halls, v_alt_pattern_2,
          nicolae_vaults_gold_heap, vaults_mumra_hexcomb, st_quartered_hall,
          vaults_room_pools, layout_vaults_big_room
Crypt:1:  layout_gridlike, basic_altar, grunt_crypt_arrival_guarded_gate
Crypt:2:  statuecave_lemuel, layout_chaotic_city, uniq_frederick
Crypt:3:  evilmike_haunted_forest, uniq_mennas
Depths:1: layout_cross, grunt_mini_vestibule, abyss_entry_crystal,
          serial_bayou_ford_a, serial_sigils_hangedman_scratch,
          hangedman_abyss_or_decor_passed, minivault_16, minivault_11,
          chequers_serial_rivers_micro_d, kennysheep_windowed_goal,
          uniq_saint_roka
Depths:2: hangedman_elemental_death_ray, layout_cave_pools, enter_ziggurat_d,
          chequers_serial_rivers_room_b, abyss_entry, hell_entry, serial_shops,
          bzr_entry_water, due_unseen_surprise
Depths:3: grunt_x_marks_the_spot, layout_basic, rand_demon_pan_entry_1,
          abyss_entry_flame_altar, pf_coc_iceberg, hangedman_decor_growths,
          st_stairs_2, uniq_boris

Skill      XL: |  1  2  3  4  5  6  7  8  9 10 11 12 13 14 15 16 17 18 19 20 21 22 23 |
---------------+----------------------------------------------------------------------+-----
Polearms       | 2 3 5 6 8 9 11 12 13 14 | 14.0
Slings         | 2 3 4 |  4.2
Invocations    | 3 5 6 7 8 10 11 | 11.7
Armour         | 2 4 5 7 9 10 11 13 | 13.0
Fighting       | 5 6 8 10 12 13 14 15 | 15.0
Shields        | 2 4 6 8 10 11 12 13 14 15 | 15.0
Evocations     | 4 |  4.0
Necromancy     | 3 5 8 10 11 13 14 15 16 17 | 17.1
Spellcasting   | 5 6 7 |  7.2
Charms         | 5 8 9 10 | 10.0
Earth Magic    | 4 6 8 9 10 | 10.0
Dodging        | 4 |  4.8
Stealth        | |  0.3

Action                   |  1- 3 |  4- 6 |  7- 9 | 10-12 | 13-15 | 16-18 | 19-21 | 22-24 || total
-------------------------+-------+-------+-------+-------+-------+-------+-------+-------++-------
Melee: Spear             |    66 |   275 |   103 |       |       |       |       |       ||   444
       Dagger            |    18 |       |       |       |       |       |       |       ||    18
       Trident           |       |       |   306 |  1100 |  2224 |       |       |       ||  3630
       Halberd           |       |       |    85 |       |       |       |       |       ||    85
       Demon trident     |       |       |       |       |   468 |  1809 |  1680 |   564 ||  4521
 Fire: Hunting sling     |       |    49 |   153 |    90 |       |       |       |       ||   292
Throw: Stone             |     2 |     5 |     5 |       |       |       |       |       ||    12
       Boomerang         |       |       |       |    13 |   161 |    39 |     5 |       ||   218
       Dart              |       |       |       |       |       |       |       |     1 ||     1
 Cast: Excruciating Woun |       |       |       |       |       |    27 |   110 |    12 ||   149
       Agony             |       |       |       |       |       |     8 |    28 |     8 ||    44
       Corpse Rot        |       |       |       |       |       |     5 |       |       ||     5
       Dispel Undead     |       |       |       |       |       |     4 |   119 |   132 ||   255
       Animate Dead      |       |       |       |       |       |       |     7 |       ||     7
       Borgnjor's Vile C |       |       |       |       |       |       |    44 |     3 ||    47
       Passwall          |       |       |       |       |       |       |     1 |       ||     1
Invok: Depart the Abyss  |     1 |       |       |       |       |       |     2 |       ||     3
       Bend Space        |       |       |     6 |       |     4 |     2 |       |     1 ||    13
       Banish            |       |       |     1 |    13 |    22 |    13 |     4 |       ||    53
       Brand Weapon With |       |       |       |       |     1 |       |       |       ||     1
Evoke: Wand              |       |       |     6 |     9 |    40 |     1 |     1 |    19 ||    76
       Tin of tremorston |       |       |       |       |     5 |     6 |     4 |     3 ||    18
       Box of beasts     |       |       |       |       |       |     3 |       |     1 ||     4
       Phial of floods   |       |       |       |       |       |     1 |       |     2 ||     3
  Use: Scroll            |       |     4 |     7 |    11 |    16 |     8 |     7 |    17 ||    70
 Stab: Sleeping          |     1 |       |       |       |       |       |       |       ||     1
       Confused          |       |       |       |     2 |    10 |       |       |       ||    12
       Distracted        |       |       |       |     1 |       |     2 |     1 |     1 ||     5
       Paralysed         |       |       |       |     4 |       |       |       |       ||     4
       Petrified         |       |       |       |       |     7 |       |       |       ||     7
Armor: Leather armour    |    18 |     8 |       |       |       |       |       |       ||    26
       Chain mail        |       |    82 |   330 |   443 |   216 |   227 |       |       ||  1298
       Plate armour      |       |       |       |       |   537 |   245 |   246 |   243 ||  1271
       Scale mail        |       |       |       |       |       |    74 |   163 |       ||   237
Dodge: Dodged            |    40 |    83 |   148 |   139 |   228 |   242 |   247 |   130 ||  1257
Block: Tower shield      |       |       |   106 |   684 |  1481 |   725 |       |       ||  2996
       Kite shield       |       |       |       |       |       |   357 |   861 |   362 ||  1580

Table legend:
 A = Non-vault XP
 B = Vault XP
 C = Vault XP percentage of total XP
 D = Non-vault monster count
 E = Vault monster count
 F = Vault count percentage of total count
                 A         B        C        D         E       F
            +---------+---------+-------+---------+---------+-------
      Total |  500956 |  350506 |  41.2 |    1255 |     709 |  36.1
            +---------+---------+-------+---------+---------+-------
        D:1 |      49 |       0 |   0.0 |      20 |       0 |   0.0
        D:2 |      71 |      37 |  34.3 |      23 |       1 |   4.2
        D:3 |      31 |     560 |  94.8 |      15 |       5 |  25.0
        D:4 |     297 |      17 |   5.4 |      10 |       8 |  44.4
        D:5 |     824 |       0 |   0.0 |      36 |       0 |   0.0
        D:6 |     467 |       0 |   0.0 |      18 |       0 |   0.0
        D:7 |     725 |       0 |   0.0 |      27 |       0 |   0.0
        D:8 |    1589 |     802 |  33.5 |      19 |       6 |  24.0
        D:9 |     442 |     918 |  67.5 |       7 |       1 |  12.5
       D:10 |    1127 |     180 |  13.8 |       9 |       3 |  25.0
       D:11 |    2855 |       0 |   0.0 |      26 |       0 |   0.0
       D:12 |   10558 |       0 |   0.0 |      76 |       0 |   0.0
       D:13 |    6398 |       0 |   0.0 |      19 |       0 |   0.0
       D:14 |    5870 |    4433 |  43.0 |      17 |       4 |  19.0
       D:15 |   25918 |   11348 |  30.5 |      47 |      17 |  26.6
     Lair:1 |    5211 |    2695 |  34.1 |      27 |      20 |  42.6
     Lair:2 |    6822 |    1434 |  17.4 |      26 |       6 |  18.8
     Lair:3 |    3916 |       0 |   0.0 |      12 |       0 |   0.0
     Lair:4 |    4019 |    1231 |  23.4 |      17 |       1 |   5.6
     Lair:5 |    7879 |    2617 |  24.9 |      24 |       3 |  11.1
     Lair:6 |   16235 |    5931 |  26.8 |      52 |      15 |  22.4
    Swamp:1 |    5660 |       0 |   0.0 |      13 |       0 |   0.0
    Swamp:2 |    8622 |    3152 |  26.8 |      26 |       2 |   7.1
    Swamp:3 |   20381 |       0 |   0.0 |      54 |       0 |   0.0
    Swamp:4 |    5313 |   15855 |  74.9 |      22 |      26 |  54.2
    Snake:1 |   13506 |       0 |   0.0 |      27 |       0 |   0.0
    Snake:2 |   10424 |     584 |   5.3 |      18 |       2 |  10.0
    Snake:3 |   19090 |    3966 |  17.2 |      34 |       9 |  20.9
    Snake:4 |   26563 |   48896 |  64.8 |      57 |      71 |  55.5
      Orc:1 |     751 |     584 |  43.7 |      21 |      10 |  32.3
      Orc:2 |     210 |   19670 |  98.9 |       1 |     146 |  99.3
      Elf:1 |   15461 |    7939 |  33.9 |      27 |      15 |  35.7
      Elf:2 |   28695 |   13524 |  32.0 |      46 |      10 |  17.9
      Elf:3 |    9402 |   41433 |  81.5 |      16 |      29 |  64.4
   Vaults:1 |   45046 |   30132 |  40.1 |      74 |      47 |  38.8
   Vaults:2 |   28398 |    5639 |  16.6 |      46 |      17 |  27.0
   Vaults:3 |   37625 |   16448 |  30.4 |      59 |      26 |  30.6
   Vaults:4 |   30011 |   28613 |  48.8 |      40 |      40 |  50.0
    Crypt:1 |   27123 |       0 |   0.0 |      49 |       0 |   0.0
    Crypt:2 |   23141 |    5255 |  18.5 |      33 |       1 |   2.9
    Crypt:3 |       0 |   63608 | 100.0 |       0 |     102 | 100.0
   Depths:1 |   13233 |    4196 |  24.1 |      20 |       9 |  31.0
   Depths:2 |   30283 |       0 |   0.0 |      40 |       0 |   0.0
   Depths:3 |     334 |       0 |   0.0 |       3 |       0 |   0.0
    Abyss:2 |     381 |       0 |   0.0 |       2 |       0 |   0.0
      IceCv |       0 |    8809 | 100.0 |       0 |      57 | 100.0
            +---------+---------+-------+---------+---------+-------
